 Dungeon Crawl Stone Soup version 0.19-a0-1626-g5215c36 (webtiles) character file.

19 Duffy the Chopper (level 2, 28/28 HPs)
             Began as a Naga Chaos Knight on Sept 19, 2016.
             Quit the game on level 1 of the Dungeon.
             The game lasted 00:01:07 (1108 turns).

Duffy the Chopper (Naga Chaos Knight)               Turns: 1108, Time: 00:01:08

Health: 28/28      AC:  5    Str: 14    XL:     2   Next: 75%
Magic:  2/2        EV:  9    Int: 12    God:    Xom [..*...]
Gold:   72         SH:  0    Dex: 13    Spells: 0 memorised, 1 level left

rFire  . . .     SeeInvis +     a - +1 hand axe (chaos)
rCold  . . .     Gourm    .     b - +2 leather armour
rNeg   . . .     Faith    .     (no shield)
rPois  +         Spirit   .     (no helmet)
rElec  .         Dismiss  .     h - +0 cloak
rCorr  .         Reflect  .     (no gloves)
MR     .....     Harm     .     (no barding)
Stlth  +.........               (no amulet)
                                f - +3 ring of dexterity
                                g - -3 ring of slaying (curse)

@: very slow
A: see invisible, deformed body, poison resistance, slowness 2, slow metabolism
1, spit poison 1, AC +0
a: Spit Poison, Renounce Religion


You were on level 1 of the Dungeon.
You worshipped Xom.
You were a toy of Xom.
You were not hungry.

You visited 1 branch of the dungeon, and saw 1 of its levels.

You collected 72 gold pieces.

Inventory:

Hand Weapons
 a - a +1 hand axe of chaos (weapon)
Missiles
 d - 2 throwing nets (quivered)
Armour
 b - a +2 leather armour (worn)
 h - a +0 cloak (worn)
Jewellery
 e - an uncursed ring of see invisible
 f - a +3 ring of dexterity (right hand)
 g - a cursed -3 ring of slaying (left hand)
Comestibles
 c - a bread ration
 i - 2 chunks of flesh


   Skills:
 - Level 3.0 Fighting
 + Level 3.9 Axes
 - Level 1.5 Armour
 - Level 0.7 Dodging


You had one spell level left.
You didn't know any spells.

Dungeon Overview and Level Annotations

Branches:
Dungeon (1/15)

Altars:


Innate Abilities, Weirdness & Mutations

You cannot wear boots.
Your serpentine skin is tough. (AC +0)
You have supernaturally acute eyesight. (SInv)
Armour fits poorly on your strangely shaped body.
Your system is resistant to poisons. (rPois)
You cover ground very slowly.
You have a slow metabolism.
You can spit poison.


Message History

The hobgoblin hits you but does no damage.
You hit the hobgoblin.
You kill the hobgoblin!
Things that are here:
a club; a hobgoblin corpse You butcher the hobgoblin corpse.
i - 2 chunks of flesh You see here a club.
HP restored.
You now have 72 gold pieces (gained 7).
Found a stone staircase leading down.
A hobgoblin comes into view. It is wielding a club.
The hobgoblin shouts!
A hobgoblin is nearby!
You closely miss the hobgoblin.
The hobgoblin hits you but does no damage.
You completely miss the hobgoblin. The hobgoblin closely misses you.
You hit the hobgoblin but do no damage.
The hobgoblin is poisoned.
The hobgoblin hits you but does no damage.
Are you sure you want to abandon this character and quit the game? (Confirm with "yes".)

##.# #.....# #.#
#.###.########### #.#
####.#.............# #.#
#....#.#.#########.###### #.#
#....#.#.# #.......
##.######....#.#.################
........'........................
##.######....#.#.##.#.......#####
........'.......@g.............#
##.######....#.####.#.#####.##.##
#......+....#....#.#.###........
########...#####.#.#.......##.#.
###### #########.#.#.......##.#.
...... (...##'#.#)......##.#.
###.##########......#.###'#.##...
###.##..#...#.......#.# #.#......
.~#.#)##.#..#.......#.# #.#####.#


You could see a hobgoblin.

Vanquished Creatures
  A worm (D:1)
  A dart slug (D:1)
  A ball python (D:1)
  A goblin (D:1)
  A hobgoblin (D:1)
  2 jackals (D:1)
  2 kobolds (D:1)
  3 bats (D:1)
  A frilled lizard (D:1)
  2 rats (D:1)
15 creatures vanquished.

Notes
Turn   | Place    | Note
-------+----------+-------------------------------------------
     0 | D:1      | Duffy the Naga Chaos Knight began the quest for the Orb.
     0 | D:1      | Reached XP level 1. HP: 21/21 MP: 1/1
    91 | D:1      | XOM: harmless Air miscast
   178 | D:1      | Reached XP level 2. HP: 22/28 MP: 2/2
   408 | D:1      | XOM: harmless Chrm miscast
   934 | D:1      | XOM: divination: detect creatures
  1108 | D:1      | Quit the game

Vault maps used:
D:1:      dpeg_arrival_brainrot

Action                   || total
-------------------------++-------
Melee: Hand axe          ||    70
  Use: Scroll            ||     4
Armor: Leather armour    ||    32
Dodge: Dodged            ||    40
